[Event "SRB-ch Men Semifinal 2019"]
[Site "Kragujevac"]
[Date "2019.03.13"]
[Round "8.9"]
[White "Milanovic, Danilo"]
[Black "Zlatanovic, Boroljub"]
[Result "1-0"]
[ECO "E89"]
[WhiteElo "2493"]
[BlackElo "2376"]
[Annotator "ChessBase"]
[PlyCount "36"]
[EventDate "2019.03.08"]
[EventType "swiss"]
[EventCountry "SRB"]
[SourceTitle "playchess.com"]
[Source "ChessBase"]
[SourceQuality "1"]
[TimeControl "40/5400+30:1800+30"]

1. d4 g6 2. c4 Bg7 3. e4 d6 4. Nc3 e5 5. Nge2 Nf6 6. f3 O-O 7. Be3 c6 8. d5 cxd5 9. cxd5 Ne8 10. Qd2 f5 11. O-O-O Bd7 12. Ng1 Nf6 13. Bd3 Na6 14. Nge2 Nb4 15. Kb1 Rc8 16. h3 fxe4 17. Bxe4 Qa5 18. a3 Na6 1-0